 Dungeon Crawl Stone Soup version 0.28-a0-512-g960c72b710 (webtiles) character file.

Game seed: 7962728882650648573

169 Lekart the Skirmisher (level 5, -1/42 HPs)
             Began as a Draconian Abyssal Knight on Sept 22, 2021.
             Was a Believer of Lugonu.
             Slain by an iguana (11 damage)
             ... on level 4 of the Dungeon.
             The game lasted 00:04:01 (3014 turns).

Lekart the Skirmisher (Draconian Abyssal Knight)    Turns: 3014, Time: 00:04:02

Health: -1/42      AC:  5    Str: 16      XL:     5   Next: 25%
Magic:  6/6        EV: 12    Int:  9 (10) God:    Lugonu [**....]
Gold:   141        SH:  0    Dex: 12      Spells: 4/4 levels left

rFire   . . .      SeeInvis .   b - +2 dagger (elec)
rCold   . . .      Faith    .   (no shield)
rNeg    . . .      Spirit   .   (armour unavailable)
rPois   .          Reflect  .   (helmet restricted)
rElec   .          Harm     .   (no cloak)
rCorr   .          Rampage  .   (no gloves)
Will    .....      Rnd*Tele +   (no boots)
Stlth   ++........              (no amulet)
HPRegen 0.14/turn               (no ring)
MPRegen 0.10/turn               (no ring)

@: no status effects
A: AC +5, unfitting armour, cold-blooded, deterioration 1, frail 1, teleportitis
1
a: Renounce Religion, Depart the Abyss, Bend Space


You were on level 4 of the Dungeon.
You worshipped Lugonu.
Lugonu was pleased with you.
You visited 1 branch of the dungeon, and saw 4 of its levels.
You visited the Abyss 1 time.

You collected 141 gold pieces.

Inventory:

Hand Weapons
 a - a +1 falchion
 b - a +2 dagger of electrocution (weapon)
Missiles
 g - a throwing net
Wands
 l - a wand of flame (26)
Scrolls
 d - 3 scrolls of magic mapping
 e - a scroll of identify
 f - a scroll of fog
 h - a scroll of amnesia {unknown}
 j - a scroll of noise {unknown}
 k - a scroll of enchant armour
Potions
 c - a potion of heal wounds {unknown}
 i - a potion of cancellation
 m - 3 potions of curing


   Skills:
 + Level 4.3 Fighting
 + Level 2.4(2.9) Short Blades
 + Level 2.3(2.9) Long Blades
 + Level 3.1 Dodging
 + Level 1.4 Stealth
 + Level 2.1 Invocations


You had 4 spell levels left.
You didn't know any spells.
Your spell library was empty.

Dungeon Overview and Level Annotations

Branches:
Dungeon (4/15)
 Temple: D:4-7

Altars:
Gozag
Makhleb


Innate Abilities, Weirdness & Mutations

Your plain brown scales are hard. (AC +5)
You cannot fit into any form of body armour.
You are cold-blooded and may be slowed by cold attacks.
Your body sometimes deteriorates upon taking damage.
You are frail. (-10% HP)
You are occasionally teleported next to monsters.


Message History

No target in view!
Key pressed, stopping explore.
No target in view!
No target in view!
HP restored.
You now have 133 gold pieces (gained 10).
You now have 141 gold pieces (gained 8).
j - a scroll labelled PODATOTESO Key pressed, stopping explore.
No target in view!
An iguana comes into view.
The iguana hisses angrily.
The iguana closely misses you.
An iguana is nearby!
You hit the iguana but do no damage. The iguana bites you!
An iguana is nearby!
You hit the iguana but do no damage.
An iguana is nearby!
You barely miss the iguana. The iguana bites you.
An iguana is nearby!
You hit the iguana.
Your tail-slap misses the iguana.
The iguana is lightly wounded.
The iguana bites you!
Your body deteriorates!
You feel dopey.
An iguana is nearby!
You are too injured to fight recklessly!
You are too injured to fight recklessly!
You hit the iguana.
Your tail-slap misses the iguana.
The iguana is moderately wounded.
The iguana bites you.
* * * LOW HITPOINT WARNING * * *
You closely miss the iguana.
The iguana is moderately wounded.
The iguana bites you but does no damage.
You closely miss the iguana.
The iguana is moderately wounded.
You hit the iguana but do no damage. You tail-slap the iguana.
The iguana is heavily wounded.
The iguana bites you!
You die...

... #.# #.#
################.#
..............##.#
#############.##.#
#..#l# ##.#@#
#...# ##..# #?.#
...# ##..# #..#
#..# #..#


You could see an iguana.

Vanquished Creatures
  A bullfrog skeleton (D:3)
  An iguana (D:4)
  A hound skeleton (D:2)
  4 adders
  An adder skeleton (D:4)
  An orc (D:3)
  4 ball pythons
  4 bats
  6 endoplasms
  3 giant cockroaches
  5 goblins
  4 hobgoblins
  7 jackals
  6 kobolds
  5 frilled lizards
  10 rats
63 creatures vanquished.

Notes
Turn   | Place    | Note
-------+----------+-------------------------------------------
     0 | Abyss:1  | Lekart the Draconian Abyssal Knight began the quest for the
                  | Orb.
     0 | Abyss:1  | Reached XP level 1. HP: 19/19 MP: 2/2
   112 | Abyss:4  | Noticed a caustic shrike skeleton
   114 | Abyss:4  | Noticed a large abomination
   115 | D:1      | Escaped the Abyss
   395 | D:1      | Reached * piety under Lugonu
   457 | D:1      | Reached XP level 2. HP: 21/26 MP: 3/3
  1085 | D:1      | Found a faded altar of an unknown god.
  1166 | D:2      | Reached skill level 4 in Fighting
  1166 | D:2      | Reached XP level 3. HP: 12/33 MP: 4/4
  1396 | D:2      | Reached skill level 1 in Short Blades
  1511 | D:2      | Found a burning altar of Makhleb.
  2239 | D:2      | Reached XP level 4. HP: 40/40 MP: 5/5
  2249 | D:2      | Gained mutation: Your spells are a little easier to cast,
                  | but a little less powerful. [potion of mutation]
  2340 | D:3      | Reached ** piety under Lugonu
  2474 | D:3      | Reached skill level 1 in Stealth
  2703 | D:3      | Found an opulent altar of Gozag.
  2750 | D:3      | Lost mutation: Your spells are a little easier to cast, but
                  | a little less powerful. [potion of mutation]
  2750 | D:3      | Gained mutation: You are frail. (-10% HP) [potion of
                  | mutation]
  2750 | D:3      | Gained mutation: You are occasionally teleported next to
                  | monsters. [potion of mutation]
  2750 | D:3      | Gained mutation: Your body sometimes deteriorates upon
                  | taking damage. [potion of mutation]
  2779 | D:4      | Reached XP level 5. HP: 41/41 MP: 6/6
  3014 | D:4      | Slain by an iguana

Illustrated notes

Levels and vault maps discovered:
D:1:      onia_arrival_handbag, layout_basic, ebering_ecumenical_altar_box
D:2:      layout_basic, basic_altar, minmay_tromino_v4_b
D:3:      layout_basic, grunt_gozag_statues
D:4:      layout_basic, serial_shops, shop_statue, uniq_blork_the_orc

Skill      XL: |  1  2  3  4 |
---------------+-------------+-----
Fighting       | 4 |  4.3
Short Blades   | 1 2 |  2.4
Stealth        | 1 |  1.4
Dodging        | 3 |  3.1
Long Blades    | |  2.3
Invocations    | |  2.1

Action                   |  1- 3 |  4- 6 || total
-------------------------+-------+-------++-------
Melee: Dagger            |   109 |    73 ||   182
       Tailslap          |     6 |    12 ||    18
Invok: Depart the Abyss  |     1 |       ||     1
  Use: Scroll            |     2 |     4 ||     6
       Potion            |       |     3 ||     3
 Stab: Sleeping          |     1 |     3 ||     4
Armor: Skin              |    29 |    15 ||    44
Dodge: Dodged            |    81 |    45 ||   126

Table legend: (Time is in decaauts)
 A = Elapsed time spent in this place.
 B = Non-inter-level travel time spent in this place.
 C = Inter-level travel time spent in this place.
 D = Time resting spent in this place.
 E = Time spent auto-exploring this place.
 F = Levels seen in this place.
 G = Mean time per level.
                   A        B        C        D        E       F      G
               +--------+--------+--------+--------+--------+-----+--------+
         Total |   3002 |   2956 |     46 |    816 |   1631 |   8 |  375.2 |
       Dungeon |   2884 |   2838 |     46 |    816 |   1631 |   4 |  721.0 |
         Abyss |    118 |    118 |      0 |      0 |      0 |   4 |   29.5 |
               +--------+--------+--------+--------+--------+-----+--------+

Top non-repeatable levels by time:
     D:2: 1104 daAuts
     D:1: 1028 daAuts
     D:3: 501 daAuts
     D:4: 250 daAuts
 Abyss:4: 40 daAuts
 Abyss:3: 38 daAuts
 Abyss:1: 28 daAuts
 Abyss:2: 10 daAuts
